 Dungeon Crawl Stone Soup version 0.02-213-g07563d0 (webtiles) character file.

Game seed: 7909877202240965372, levelgen mode: deterministic

8639 Kalegnar the Carver (level 11, -9/50 HPs) Minotaur Demonspawn. Began on Nov 19, 2020. Was a Believer of Qazlal. Mangled by Harold ... wielding a +2 antimagic flail (20 damage) ... on level 5 of the Dungeon on Nov 20, 2020. The game lasted 00:33:42 (5877 turns).

Kalegnar the Carver (Minotaur Demonspawn)           Turns: 5877, Time: 00:33:44

Health: -9/50      AC:  0    Str: 20    XL:     11 ^: 9506
Magic:  10/14      EV: 16    Int:  9    God:    Qazlal [2* [55]]
Gold:   323        SH:  2    Dex: 12    Spells: 11/12 levels left

rFire    . . .     Vision   .   (weapon currently unavailable)
rCold    . . .     Gourm    .   (weapon currently unavailable)
rNeg     . . .     Faith    .   (armour currently unavailable)
rPois    .         Spirit   .   (helmet currently unavailable)
rElec    .         Reflect  .   (cloak currently unavailable)
rCorr    .         Harm     .   (gloves currently unavailable)
MR       .....                  (boots currently unavailable)
Stlth    +.........             (no amulet)
HPRegen  0.26/turn              (ring currently unavailable)
MPRegen  0.24/turn              (ring currently unavailable)

@: pig-form, marked, very quick
A: small, (retaliatory headbutt), nightstalker 1
a: Upheaval, Renounce Religion


You were on level 5 of the Dungeon.
You worshipped Qazlal.
Qazlal was pleased with you.
You were not hungry.
You were a filthy swine.
You visited 1 branch of the dungeon, and saw 5 of its levels.

You collected 323 gold pieces.

Inventory:

Weapons
 a - a +0 long sword (melded) Shields
 r - a +2 heater shield of protection (melded)
Armour
 f - a +2 cloak of softness (melded)
 w - a +0 chain mail (melded)
Jewellery
 b - a ring of protection (melded)
 j - a ring of intelligence (melded)
 m - an uncursed ring of fire
 p - an uncursed ring of fire
 v - a cursed ring of fire {(Curse: Str-4)}
 B - a cursed ring of ice {(Curse: *Drain)}
Wands
 h - a wand of flame (14)
 i - a wand of polymorph (11)
 n - a wand of hasting (5)
 y - a wand of random effects (2)
Scrolls
 e - 4 scrolls of enchantment
 g - 2 scrolls of amnesia
 o - 2 scrolls of blinking
 q - 5 scrolls of teleportation
 t - 2 scrolls of bless item
Potions
 k - 2 potions of magic
 l - a potion of heal wounds
 s - a potion of agility
 u - a potion of might
 x - a potion of resistance
 z - a potion of cancellation
 A - 4 potions of curing
 C - a potion of brilliance
Comestibles
 c - 13 chunks of flesh
 d - 12 rations


   Skills:
 + Level 10.7 Fighting
 + Level 10.9 Long Blades
 - Level 5.0 Armour
 - Level 5.0 Dodging
 - Level 1.5 Stealth
 + Level 8.0 Shields
 - Level 1.0 Spellcasting
 - Level 1.3 Fire Magic
 - Level 6.1 Invocations


You had 11 spell levels left.
You knew the following spells:

 Your Spells              Type           Power        Failure   Level  Hunger
a - Flame Tongue          Fire           2 (30)       22%         1    ##.....

Your spell library contained the following spells:

 Spells                   Type           Power        Failure   Level  Hunger
 Blink                    Tloc           N/A          50%         2    ###....
 Call Imp                 Summ           0 (100)      50%         2    ###....
 Slow                     Hex            0 (100)      50%         2    ###....
 Conjure Flame            Fire           2 (100)      54%         3    ####...
 Mephitic Cloud           Pois/Air       0 (100)      73%         3    ####...


Dungeon Overview and Level Annotations

Branches:
Dungeon (5/8)              Temple (0/1) D:4            Lair (0/6) D:5

Altars:
Ashenzari
Fedhas Madash
Hepliaklqana
Makhleb
Nemelex Xobeh
Qazlal
Trog
Uskayaw
Vehumet
Wu Jian
Xom
Yredelemnul

Annotations:
D:5 Harold


Innate Abilities, Weirdness & Mutations

((You reflexively headbutt those who attack you in melee.))
((You have a pair of horns on your head.))
((You have razor-sharp toenails.))
You are slightly more attuned to the shadows.
((You are mostly covered in sharp spines.))
((Your movements are slightly less encumbered by armour. (ER -2)))
((Armour fits poorly on your strangely shaped body.))


Message History

Harold zaps a wand.
You turn into a filthy swine.
Your +0 long sword melds into your body.
Your +2 heater shield of protection melds into your body.
Your +2 cloak of softness melds into your body.
Your +0 chain mail melds into your body.
Your ring of protection melds into your body.
Your ring of intelligence melds into your body.
You feel less protected.
You feel harder and more rigid.
You feel stupid.
You hit Harold but do no damage. You hit Harold (2).
Harold is severely wounded. (22/79) HP You barely miss Harold.
You hit Harold (1).
Harold is severely wounded. (21/79) HP Harold zaps a wand.
You barely resist. You hit Harold (1). You hit Harold (4).
Harold is severely wounded. (16/79) HP You hit Harold (1).
You hit Harold (6).
Harold is almost dead. (9/79) HP Harold hits you with a +2 antimagic flail (20)!!
You die...

.### ...# #.# .#.# ... ...#
#.# ##+## #.## #.# ##...##
#.# #.#### ##.....## #.#
#.##.## ##.......#
#.#######.#...####.........#
................h@.........+
#.#######.#...####.........#
......# #.##.## ##<......##
#.###.# ...### ##.....## #.#
#.##.#.# ##.?.## #.# #.##.
.# #+## #.# #.### .# #####
#.###.# ##...## ......#
##.._..##


You could see Harold.

Vanquished Creatures
  3 two-headed ogres (D:5)
  A troll (D:5)
  An elephant (D:5)
  Prince Ribbit (D:2)
  A hippogriff (D:5)
  A basilisk (D:5)
  2 necrophages
  2 porcupines
  A water moccasin (D:2)
  3 orc warriors
  5 scorpions
  2 eyes of draining (D:5)
  An ice beast (D:5)
  A black bear (D:5)
  9 ogres
  5 crocodiles
  4 big kobolds (D:2)
  10 bullfrogs
  5 howler monkeys
  10 jellies (D:2)
  2 crimson imps (D:4)
  5 orc priests
  2 hounds (D:3)
  5 orc wizards
  6 worker ants
  A wyvern skeleton (D:4)
  16 giant cockroaches
  An iron imp (D:4)
  A bullfrog zombie (D:4)
  4 bullfrog skeletons
  2 shadow imps (D:4)
  28 adders
  44 sewer rats
  A white imp (D:4)
  2 worms (D:2)
  8 cinder newts
  24 oozes
  2 hound skeletons
  5 leopard geckos
  21 orcs
  2 adder skeletons (D:2)
  An adder zombie (D:5)
  8 bats
  A goblin (D:1)
  A hobgoblin (D:1)
  5 jackals (D:5)
  2 quokkas (D:3)
  10 ball pythons
  A bat skeleton (D:2)
  2 goblin skeletons (D:2)
  21 kobolds
  2 leopard gecko skeletons
  5 rats (D:1)
  A rat skeleton (D:2)
  9 withered plants (D:2)
319 creatures vanquished.

Vanquished Creatures (others)
  A jelly (D:2)
  2 giant cockroaches (D:2)
  An ooze (D:2)
  A leopard gecko (D:2)
  2 bats (D:2)
  A bat skeleton (D:2)
  A giant blowfly (D:2)
  A slimehead (D:2)
  94 withered plants (D:2)
104 creatures vanquished.

Grand Total: 423 creatures vanquished

Notes
Turn   | Place    | Note
-------+----------+-------------------------------------------
     0 | D:1      | Kalegnar the Minotaur Demonspawn began the quest for the
                  | Orb.
     0 | D:1      | Reached XP level 1. HP: 16/16 MP: 1/1
   133 | D:1      | Reached skill level 1 in Shields
   133 | D:1      | Gained mutation: You are partially covered in sharp spines.
                  | [demonic ancestry]
   133 | D:1      | Reached XP level 2. HP: 19/24 MP: 3/3
   185 | D:1      | Gained mutation: You are mostly covered in sharp spines.
                  | [demonic ancestry]
   185 | D:1      | Reached XP level 3. HP: 28/29 MP: 4/4
   327 | D:1      | Reached XP level 4. HP: 37/37 MP: 5/5
   899 | D:1      | Reached skill level 1 in Armour
   903 | D:1      | Gained mutation: You are slightly more attuned to the
                  | shadows. [demonic ancestry]
   903 | D:1      | Reached XP level 5. HP: 28/45 MP: 6/6
  1050 | D:2      | Reached XP level 6. HP: 39/51 MP: 7/7
  1390 | D:2      | Gained mutation: You have sharp toenails. [demonic
                  | ancestry]
  1390 | D:2      | Reached XP level 7. HP: 54/60 MP: 8/8
  1443 | D:2      | Reached skill level 5 in Long Blades
  1605 | D:2      | Reached skill level 5 in Fighting
  2000 | D:2      | Gained mutation: Your movements are slightly less
                  | encumbered by armour. (ER -2) [demonic ancestry]
  2000 | D:2      | Reached XP level 8. HP: 69/70 MP: 9/9
  2024 | D:2      | Found a hazy altar of Hepliaklqana.
  2574 | D:2      | Noticed Prince Ribbit
  2709 | D:2      | Killed Prince Ribbit
  2709 | D:2      | Reached XP level 9. HP: 81/81 MP: 10/10
  3433 | D:3      | Reached skill level 5 in Armour
  3525 | D:3      | Reached skill level 5 in Dodging
  3788 | D:4      | Found a sparkling altar of Nemelex Xobeh.
  3792 | D:4      | Found a basalt altar of Yredelemnul.
  3803 | D:4      | Found a shattered altar of Ashenzari.
  3805 | D:4      | Found an ornate altar of the Wu Jian Council.
  3805 | D:4      | Found a stormy altar of Qazlal.
  3806 | D:4      | Found a shimmering altar of Xom.
  3826 | D:4      | Reached skill level 5 in Shields
  3855 | D:4      | Became a worshipper of Qazlal Stormbringer
  3904 | D:4      | Found a staircase to the Ecumenical Temple.
  3906 | D:4      | Gained mutation: Armour fits poorly on your strangely
                  | shaped body. [a crimson imp]
  4010 | D:4      | Gained mutation: You have razor-sharp toenails. [demonic
                  | ancestry]
  4010 | D:4      | Reached XP level 10. HP: 54/91 MP: 11/11
  4296 | D:4      | Found a radiant altar of Vehumet.
  4297 | D:4      | Found a burning altar of Makhleb.
  4305 | D:4      | Reached * piety under Qazlal
  4330 | D:4      | Found a blossoming altar of Fedhas.
  4852 | D:5      | Entered Level 5 of the Dungeon
  5021 | D:5      | Noticed a two-headed ogre
  5028 | D:5      | Killed a two-headed ogre
  5028 | D:5      | Reached skill level 10 in Long Blades
  5028 | D:5      | Reached skill level 5 in Invocations
  5117 | D:5      | Found a bloodstained altar of Trog.
  5188 | D:5      | Reached skill level 10 in Fighting
  5398 | D:5      | Found a staircase to the Lair.
  5424 | D:5      | Reached ** piety under Qazlal
  5695 | D:5      | Noticed a two-headed ogre
  5709 | D:5      | Killed a two-headed ogre
  5709 | D:5      | Reached XP level 11. HP: 79/101 MP: 11/14
  5748 | D:5      | Noticed a hatchet
  5750 | D:5      | Found a hide-covered altar of Uskayaw.
  5750 | D:5      | Noticed a hatchet
  5849 | D:5      | Noticed Harold
  5849 | D:5      | Noticed a two-headed ogre
  5861 | D:5      | Killed a two-headed ogre
  5877 | D:5      | Mangled by Harold

Levels and vault maps discovered:
D:1:      sevenhm_arrival_forest_fort_large_1, layout_loops_ring, first_ration,
          gup_sewer_entry_glass
D:2:      layout_sewer, kennysheep_little_box, sewer_frog_spiral,
          minmay_snake_closets
D:3:      layout_cave_pools, serial_rivers, chequers_serial_rivers_micro_d,
          chequers_serial_rivers_marsh, chequers_serial_rivers_room_a,
          chequers_serial_rivers_micro_d, chequers_serial_rivers_micro_b
D:4:      layout_rooms, grunt_temple_overflow_lords_of_destruction,
          grunt_temple_overflow_open, minmay_temple_entry_trees,
          serial_corexii_hall, corexii_hall_statues_x,
          chequers_hall_statues_corner_a, grunt_ogre_cave,
          minmay_misc_feat_encased, lemuel_altar_in_water
D:5:      layout_loops_corners, dancing_weapons_uskayaw, trog_eyes_of_draining,
          david_lair_generic, uniq_harold

Skill      XL: |  1  2  3  4  5  6  7  8  9 10 11 |
---------------+----------------------------------+-----
Shields        | 1 2 3 4 5 7 8 |  8.0
Fighting       | 2 3 4 6 7 9 10 | 10.7
Long Blades    | 3 4 6 8 9 10 | 10.9
Armour         | 1 2 3 4 5 |  5.0
Dodging        | 4 5 |  5.0
Invocations    | 3 6 |  6.1
Stealth        | |  1.5
Spellcasting   | |  1.0
Fire Magic     | |  1.3

Action                   |  1- 3 |  4- 6 |  7- 9 | 10-12 || total
-------------------------+-------+-------+-------+-------++-------
Melee: Long sword        |    30 |   132 |   401 |   244 ||   807
       Headbutt          |     4 |    17 |    74 |    63 ||   158
       Kick              |       |       |   122 |   112 ||   234
       Unarmed           |       |       |    12 |     8 ||    20
Throw: Skull             |       |     5 |     5 |       ||    10
       Stone             |       |    11 |    11 |       ||    22
       Rusty metal       |       |     4 |     5 |       ||     9
       Bone              |       |     5 |     5 |       ||    10
Invok: Upheaval          |       |       |       |     2 ||     2
  Use: Potion            |       |       |       |     1 ||     1
 Stab: Sleeping          |     1 |       |     5 |       ||     6
  Eat: Chunk             |       |     2 |    10 |     6 ||    18
Armor: Leather armour    |     7 |     2 |       |       ||     9
       Scale mail        |       |    47 |   115 |       ||   162
       Chain mail        |       |       |    32 |    62 ||    94
Dodge: Dodged            |    15 |    74 |   211 |    38 ||   338
Block: Buckler           |     1 |    12 |    30 |       ||    43
       Heater shield     |       |       |    51 |   104 ||   155
       Rpst.: Long sword |     4 |    24 |    65 |    10 ||   103
